| TOP OF THE 1ST |
|
Fort Wayne TinCaps batting - Pitching for Peoria Chiefs : RHP Steve Langlois
|
|
Pitching: RHP Steve Langlois
|
|
|
Batting: RHB Cesar Ortega
|
0-0: SINGLE (Line Drive, 4D, EV 94.4 MPH)
|
|
Batting: RHB Paul Wood
|
0-0: Foul Ball, location: 2F 0-1: Called Strike 0-2: Foul Ball, location: 2F 0-2: Ball 1-2: Foul Ball, location: 2F 1-2: Ground out 4-3 (Groundball, 34S, EV 80.0 MPH) Cesar Ortega to second
|
|
Batting: RHB Jim Miske
|
0-0: Ball 1-0: Foul Ball, location: 2F 1-1: Swinging Strike 1-2: Foul Ball, location: 2F 1-2: Ground out 3-1 (Groundball, 34, EV 93.8 MPH) Cesar Ortega to third
|
|
Batting: RHB Gary Horgan
|
0-0: Ball 1-0: Ball 2-0: Swinging Strike 2-1: Ball Wild Pitch! Cesar Ortega scores 3-1: Base on Balls
|
|
Batting: RHB Ben Welt
|
0-0: Foul Ball, location: 2F 0-1: Ball 1-1: Foul Ball, location: 2F 1-2: Foul Ball, location: 2F 1-2: Ball 2-2: Fly out, F7 (Line Drive, 7, EV 93.8 MPH)
|
| Top of the 1st over - 1 run, 1 hit, 0 errors, 1 left on base; Fort Wayne 1 - Peoria 0 |
| BOTTOM OF THE 1ST |
|
Peoria Chiefs batting - Pitching for Fort Wayne TinCaps : RHP Derek Ziolkowski
|
|
Pitching: RHP Derek Ziolkowski
|
|
|
Batting: RHB Ben Politi
|
0-0: Ball 1-0: Ball 2-0: Called Strike 2-1: Fly out, F8 (Line Drive, 8LM, EV 91.9 MPH)
|
|
Batting: RHB Tommy Tracy
|
0-0: Called Strike 0-1: Foul Ball, location: 2F 0-2: Ball 1-2: Ball 2-2: Fly out, F9 (Flyball, 9D, EV 102.5 MPH)
|
|
Batting: RHB Bobby Miles
|
0-0: Ball 1-0: Foul Ball, location: 2F 1-1: Called Strike 1-2: SINGLE (Flyball, 6D, EV 90.0 MPH)
|
|
Batting: RHB Pablo Nunez
|
0-0: Called Strike 0-1: Ball 1-1: Foul Ball, location: 2F 1-2: Foul Ball, location: 2F 1-2: DOUBLE (Flyball, 8LXD, EV 91.9 MPH) Bobby Miles to third Runner from 3rd tries for Home, SAFE, throw by CF to home
|
|
Batting: RHB McGwire Jones
|
0-0: Ball 1-0: Foul Ball, location: 2F 1-1: Foul Ball, location: 2F 1-2: Ball 2-2: Strikes out swinging
|
| Bottom of the 1st over - 1 run, 2 hits, 0 errors, 1 left on base; Fort Wayne 1 - Peoria 1 |
| TOP OF THE 2ND |
|
Fort Wayne TinCaps batting - Pitching for Peoria Chiefs : RHP Steve Langlois
|
|
Batting: LHB Dean Luttman
|
0-0: Called Strike 0-1: Ball 1-1: Ball 2-1: Ball 3-1: Base on Balls
|
|
Batting: LHB Tony Contreras
|
0-0: Ball 1-0: Called Strike 1-1: Ball 2-1: Fly out, F7 (Line Drive, 7, EV 100.6 MPH)
|
|
Batting: RHB Sung-hwan Jung
|
0-0: Ball 1-0: Called Strike 1-1: Ball 2-1: Called Strike 2-2: Foul Ball, location: 2F 2-2: Strikes out swinging
|
|
Batting: RHB Slamet Pamungkas
|
0-0: Called Strike Pickoff Throw to First - Error! E1 Dean Luttman to second 0-1: Ball 1-1: Foul Ball, location: 2F 1-2: Ball 2-2: Ball 3-2: Foul Ball, location: 2F 3-2: Foul Ball, location: 2F 3-2: Fly out, F8 (Flyball, 8LS, EV 93.1 MPH)
|
| Top of the 2nd over - 0 runs, 0 hits, 1 error, 1 left on base; Fort Wayne 1 - Peoria 1 |
| BOTTOM OF THE 2ND |
|
Peoria Chiefs batting - Pitching for Fort Wayne TinCaps : RHP Derek Ziolkowski
|
|
Batting: RHB Workneh Lagat
|
0-0: Called Strike 0-1: Swinging Strike 0-2: Ball 1-2: Strikes out swinging
|
|
Batting: RHB Pat Scaturro
|
0-0: Ball 1-0: Foul Ball, location: 2F 1-1: Fly out, F7 (Flyball, 78S, EV 91.9 MPH)
|
|
Batting: SHB Steve Langlois
|
0-0: Called Strike 0-1: Ball 1-1: Ball 2-1: SINGLE (Groundball, 3S, EV 62.5 MPH) (infield hit)
|
|
Batting: RHB Tim Cleary
|
0-0: Ball 1-0: Foul Ball, location: 2F 1-1: Ball 2-1: Swinging Strike 2-2: Foul Ball, location: 2F 2-2: Strikes out swinging
|
| Bottom of the 2nd over - 0 runs, 1 hit, 0 errors, 1 left on base; Fort Wayne 1 - Peoria 1 |
| TOP OF THE 3RD |
|
Fort Wayne TinCaps batting - Pitching for Peoria Chiefs : RHP Steve Langlois
|
|
Batting: RHB Cesar Ortega
|
0-0: Hit by Pitch
|
|
Batting: RHB Paul Wood
|
0-0: Ball Cesar Ortega is caught stealing 2nd base 2-4 1-0: Ball 2-0: Foul Ball, location: 2F 2-1: Ground out 5-3 (Groundball, 5, EV 88.8 MPH)
|
|
Batting: RHB Jim Miske
|
0-0: Called Strike 0-1: Ball 1-1: Swinging Strike 1-2: Strikes out swinging
|
| Top of the 3rd over - 0 runs, 0 hits, 0 errors, 0 left on base; Fort Wayne 1 - Peoria 1 |
| BOTTOM OF THE 3RD |
|
Peoria Chiefs batting - Pitching for Fort Wayne TinCaps : RHP Derek Ziolkowski
|
|
Batting: RHB Ben Politi
|
0-0: Called Strike 0-1: Ball 1-1: Swinging Strike 1-2: TRIPLE (Line Drive, 78XD, EV 113.8 MPH)
|
|
Batting: RHB Tommy Tracy
|
0-0: Ball 1-0: SINGLE (Groundball, 6MD, EV 96.2 MPH) (infield hit) Ben Politi scores
|
|
Batting: RHB Bobby Miles
|
0-0: Ball 1-0: Ball 2-0: Foul Ball, location: 2F 2-1: Foul Ball, location: 2F 2-2: Foul Ball, location: 2F 2-2: Foul Ball, location: 2F 2-2: Fly out, F9 (Flyball, 9LSF, EV 76.2 MPH)
|
|
Batting: RHB Pablo Nunez
|
0-0: Called Strike 0-1: Ball 1-1: Swinging Strike 1-2: Strikes out swinging
|
|
Batting: RHB McGwire Jones
|
0-0: Called Strike 0-1: Ball 1-1: Ball 2-1: Ball 3-1: Base on Balls Tommy Tracy to second
|
|
Batting: RHB Workneh Lagat
|
0-0: Ball 1-0: DOUBLE (Line Drive, 8LXD, EV 107.5 MPH) Tommy Tracy scores McGwire Jones to third
|
|
Batting: RHB Pat Scaturro
|
0-0: Foul Ball, location: 2F 0-1: Called Strike 0-2: Strikes out looking
|
| Bottom of the 3rd over - 2 runs, 3 hits, 0 errors, 2 left on base; Fort Wayne 1 - Peoria 3 |
| TOP OF THE 4TH |
|
Fort Wayne TinCaps batting - Pitching for Peoria Chiefs : RHP Steve Langlois
|
|
Batting: RHB Gary Horgan
|
0-0: Ball 1-0: Ball 2-0: Swinging Strike 2-1: Foul Ball, location: 2F 2-2: Foul Ball, location: 2F 2-2: Foul Ball, location: 2F 2-2: Ground out 4-3 (Groundball, 4S, EV 89.4 MPH)
|
|
Batting: RHB Ben Welt
|
0-0: Fly out, F3 (Line Drive, 3L, EV 68.1 MPH)
|
|
Batting: LHB Dean Luttman
|
0-0: Ball 1-0: Called Strike 1-1: Called Strike 1-2: Foul Ball, location: 2F 1-2: Ground out 3-1 (Groundball, 34, EV 106.9 MPH)
|
| Top of the 4th over - 0 runs, 0 hits, 0 errors, 0 left on base; Fort Wayne 1 - Peoria 3 |
| BOTTOM OF THE 4TH |
|
Peoria Chiefs batting - Pitching for Fort Wayne TinCaps : RHP Derek Ziolkowski
|
|
Batting: SHB Steve Langlois
|
0-0: Ball 1-0: Fly out, F9 (Line Drive, 89M, EV 88.8 MPH)
|
|
Batting: RHB Tim Cleary
|
0-0: Ground out 5-3 (Groundball, 56S, EV 65.0 MPH)
|
|
Batting: RHB Ben Politi
|
0-0: Ground out 3-1 (Groundball, 34S, EV 73.1 MPH)
|
| Bottom of the 4th over - 0 runs, 0 hits, 0 errors, 0 left on base; Fort Wayne 1 - Peoria 3 |
| TOP OF THE 5TH |
|
Fort Wayne TinCaps batting - Pitching for Peoria Chiefs : RHP Steve Langlois
|
|
Batting: LHB Tony Contreras
|
0-0: Foul Ball, location: 2F 0-1: Fly out, F7 (Flyball, 7S, EV 80.6 MPH)
|
|
Batting: RHB Sung-hwan Jung
|
0-0: Ball 1-0: SINGLE (Groundball, 56D, EV 97.5 MPH)
|
|
Batting: RHB Slamet Pamungkas
|
0-0: Called Strike 0-1: Ball 1-1: Called Strike 1-2: Ball 2-2: Ball 3-2: Strikes out swinging
|
|
Batting: RHB Cesar Ortega
|
0-0: Ball 1-0: Ball 2-0: Swinging Strike 2-1: Ball 3-1: Foul Ball, location: 2F 3-2: Foul Ball, location: 2F 3-2: Base on Balls Sung-hwan Jung to second
|
|
Pitching: RHP David Koski
|
|
|
Batting: RHB Paul Wood
|
0-0: Called Strike 0-1: Ball 1-1: Foul Ball, location: 2F 1-2: Ball 2-2: Ball 3-2: Fly out, F9 (Flyball, 9LS, EV 92.5 MPH)
|
| Top of the 5th over - 0 runs, 1 hit, 0 errors, 2 left on base; Fort Wayne 1 - Peoria 3 |
| BOTTOM OF THE 5TH |
|
Peoria Chiefs batting - Pitching for Fort Wayne TinCaps : RHP Derek Ziolkowski
|
|
Batting: RHB Tommy Tracy
|
0-0: Ball 1-0: Ball 2-0: Foul Ball, location: 2F 2-1: Ball 3-1: Swinging Strike 3-2: Foul Ball, location: 2F 3-2: Foul Ball, location: 2F 3-2: Fly out, F8 (Line Drive, 89M, EV 101.2 MPH)
|
|
Batting: RHB Bobby Miles
|
0-0: Called Strike 0-1: Fly out, F9 (Flyball, 9S, EV 79.4 MPH)
|
|
Batting: RHB Pablo Nunez
|
0-0: Swinging Strike 0-1: Ball 1-1: Ball 2-1: DOUBLE (Flyball, 78D, EV 89.4 MPH)
|
|
Batting: RHB McGwire Jones
|
0-0: Foul Ball, location: 2F 0-1: Swinging Strike 0-2: Ball 1-2: Foul Ball, location: 2F 1-2: Foul Ball, location: 2F 1-2: Ball 2-2: 2-RUN HOME RUN (Flyball, 9D, EV 93.1 MPH), Distance : 365 ft
|
|
Pitching: LHP Juan Ramirez
|
|
|
Batting: RHB Workneh Lagat
|
0-0: Called Strike 0-1: Foul Ball, location: 2F 0-2: Ground out 3-1 (Groundball, 34, EV 102.5 MPH)
|
| Bottom of the 5th over - 2 runs, 2 hits, 0 errors, 0 left on base; Fort Wayne 1 - Peoria 5 |
| TOP OF THE 6TH |
|
Fort Wayne TinCaps batting - Pitching for Peoria Chiefs : RHP David Koski
|
|
Batting: RHB Jim Miske
|
0-0: Ball 1-0: Foul Ball, location: 2F 1-1: Ball 2-1: Foul Ball, location: 2F 2-2: Strikes out swinging
|
|
Batting: RHB Gary Horgan
|
0-0: Called Strike 0-1: Ball 1-1: Ball 2-1: Ball 3-1: Swinging Strike 3-2: Foul Ball, location: 2F 3-2: Base on Balls
|
|
Batting: RHB Ben Welt
|
0-0: Ball 1-0: Foul Ball, location: 2F 1-1: Foul Ball, location: 2F 1-2: Foul Ball, location: 2F 1-2: Foul Ball, location: 2F 1-2: Ball 2-2: Foul Ball, location: 2F 2-2: Foul Ball, location: 2F 2-2: Ground out 5-3 (Groundball, 56, EV 83.8 MPH) Gary Horgan to second
|
|
Batting: LHB Dean Luttman
|
0-0: Ball 1-0: Foul Ball, location: 2F 1-1: Ball 2-1: Swinging Strike 2-2: Strikes out swinging
|
| Top of the 6th over - 0 runs, 0 hits, 0 errors, 1 left on base; Fort Wayne 1 - Peoria 5 |
| BOTTOM OF THE 6TH |
|
Peoria Chiefs batting - Pitching for Fort Wayne TinCaps : LHP Juan Ramirez
|
|
Batting: RHB Pat Scaturro
|
0-0: Called Strike 0-1: Foul Ball, location: 2F 0-2: Ball 1-2: Foul Ball, location: 2F 1-2: Foul Ball, location: 2F 1-2: Fly out, F6 (Popup, 6MD, EV 55.0 MPH)
|
|
Batting: SHB Steve Langlois
|
0-0: Foul Ball, location: 2F 0-1: Ground out 4-3 (Groundball, 4MS, EV 75.6 MPH)
|
|
Batting: RHB Tim Cleary
|
0-0: Called Strike 0-1: Swinging Strike 0-2: Ball 1-2: Ground out 6-3 (Groundball, 6D, EV 104.4 MPH)
|
| Bottom of the 6th over - 0 runs, 0 hits, 0 errors, 0 left on base; Fort Wayne 1 - Peoria 5 |
| TOP OF THE 7TH |
|
Fort Wayne TinCaps batting - Pitching for Peoria Chiefs : RHP David Koski
|
|
Pitching: RHP Eric Allen
|
|
|
Batting: LHB Tony Contreras
|
0-0: Ball 1-0: Fly out, F8 (Line Drive, 8RD, EV 87.5 MPH)
|
|
Batting: RHB Sung-hwan Jung
|
0-0: Called Strike 0-1: Ball 1-1: Ball 2-1: SINGLE (Groundball, 4MD, EV 104.4 MPH)
|
|
Batting: RHB Slamet Pamungkas
|
0-0: Ball 1-0: Ball 2-0: Called Strike 2-1: DOUBLE (Flyball, 89D, EV 96.2 MPH) Sung-hwan Jung to third
|
|
Batting: RHB Cesar Ortega
|
0-0: Ball 1-0: Ground out 6-3 (Groundball, 6, EV 90.0 MPH) Sung-hwan Jung scores Slamet Pamungkas to third
|
|
Batting: RHB Paul Wood
|
0-0: Foul Ball, location: 2F 0-1: Called Strike 0-2: Ball 1-2: Fly out, F9 (Flyball, 9, EV 91.2 MPH)
|
| Top of the 7th over - 1 run, 2 hits, 0 errors, 1 left on base; Fort Wayne 2 - Peoria 5 |
| BOTTOM OF THE 7TH |
|
Peoria Chiefs batting - Pitching for Fort Wayne TinCaps : LHP Juan Ramirez
|
|
Batting: RHB Ben Politi
|
0-0: Foul Ball, location: 2F 0-1: Called Strike 0-2: Strikes out swinging
|
|
Batting: RHB Tommy Tracy
|
0-0: Ball 1-0: SINGLE (Groundball, 6S, EV 65.6 MPH) (infield hit)
|
|
Batting: RHB Bobby Miles
|
0-0: Foul Ball, location: 2F 0-1: Swinging Strike 0-2: Ball 1-2: Ball 2-2: Ball 3-2: Foul Ball, location: 2F 3-2: Strikes out swinging
|
|
Batting: RHB Pablo Nunez
|
0-0: Ball 1-0: Called Strike 1-1: Ground out 4-3 (Groundball, 34D, EV 75.6 MPH)
|
| Bottom of the 7th over - 0 runs, 1 hit, 0 errors, 1 left on base; Fort Wayne 2 - Peoria 5 |
| TOP OF THE 8TH |
|
Fort Wayne TinCaps batting - Pitching for Peoria Chiefs : RHP Eric Allen
|
|
Batting: RHB Jim Miske
|
0-0: Foul Ball, location: 2F 0-1: Ball 1-1: SINGLE (Groundball, 34D, EV 104.4 MPH)
|
|
Batting: RHB Gary Horgan
|
0-0: Called Strike 0-1: Ball 1-1: Foul Ball, location: 2F 1-2: Strikes out swinging
|
|
Batting: RHB Ben Welt
|
0-0: Ball 1-0: Called Strike 1-1: Foul Ball, location: 2F 1-2: SINGLE (Groundball, 56D, EV 94.4 MPH) Jim Miske to second Runner from 2nd tries for 3rd, OUT! 7-5
|
|
Batting: LHB Dean Luttman
|
0-0: Ball Pickoff Throw to First - Out! 1-3 CS
|
| Top of the 8th over - 0 runs, 2 hits, 0 errors, 0 left on base; Fort Wayne 2 - Peoria 5 |
| BOTTOM OF THE 8TH |
|
Peoria Chiefs batting - Pitching for Fort Wayne TinCaps : LHP Juan Ramirez
|
|
Pitching: LHP Terry LaPlante
|
|
|
Batting: RHB McGwire Jones
|
0-0: Ball 1-0: Foul Ball, location: 2F 1-1: Ball 2-1: Foul Ball, location: 2F 2-2: DOUBLE (Line Drive, 7LM, EV 100.6 MPH)
|
|
Batting: RHB Workneh Lagat
|
0-0: Ball McGwire Jones steals 3rd base 1-0: Called Strike 1-1: Called Strike 1-2: Strikes out swinging
|
|
Batting: RHB Pat Scaturro
|
0-0: Ball 1-0: Ground out 1-3 (Groundball, 13, EV 68.1 MPH)
|
|
Batting: SHB Steve Langlois
|
0-0: DOUBLE (Flyball, 78XD, EV 93.8 MPH) McGwire Jones scores
|
|
Batting: RHB Tim Cleary
|
0-0: Ball 1-0: Ball 2-0: Foul Ball, location: 2F 2-1: Called Strike 2-2: Ball 3-2: Ground out 5-3 (Groundball, 56S, EV 86.2 MPH)
|
| Bottom of the 8th over - 1 run, 2 hits, 0 errors, 1 left on base; Fort Wayne 2 - Peoria 6 |
| TOP OF THE 9TH |
|
Fort Wayne TinCaps batting - Pitching for Peoria Chiefs : RHP Eric Allen
|
|
Pitching: LHP Nick Suggett
|
|
|
Batting: LHB Dean Luttman
|
0-0: Ball 1-0: Called Strike 1-1: Foul Ball, location: 2F 1-2: Foul Ball, location: 2F 1-2: Foul Ball, location: 2F 1-2: Foul Ball, location: 2F 1-2: Ball 2-2: Foul Ball, location: 2F 2-2: Foul Ball, location: 2F 2-2: Foul Ball, location: 2F 2-2: Fly out, F9 (Flyball, 89M, EV 86.2 MPH)
|
|
Pinch Hitting: RHB Danny Krug
|
0-0: Ball 1-0: Called Strike 1-1: Foul Ball, location: 2F 1-2: Fly out, F9 (Flyball, 89M, EV 90.6 MPH)
|
|
Batting: RHB Sung-hwan Jung
|
0-0: Ball 1-0: Ball 2-0: Called Strike 2-1: Reached via error on a dropped throw from SS, E3 (Groundball, 6, EV 86.9 MPH)
|
|
Batting: RHB Slamet Pamungkas
|
0-0: Ball 1-0: Called Strike 1-1: Called Strike 1-2: Ball 2-2: Strikes out swinging
|
| Top of the 9th over - 0 runs, 0 hits, 1 error, 1 left on base; Fort Wayne 2 - Peoria 6 |
|